 Dungeon Crawl Stone Soup version 0.31-a0-185-g9dded2c639 (webtiles) character file.

Game seed: 2673679957459218263

48 qw the Shooter (level 3, -8/20 HPs)
             Began as a Deep Elf Hunter on June 22, 2023.
             Mangled by Sigmund
             ... wielding a +0 scythe
              (11 damage)
             ... on level 2 of the Dungeon.
             The game lasted 00:00:29 (1188 turns).

qw the Shooter (Deep Elf Hunter)                    Turns: 1188, Time: 00:00:29

Health: -8/20      AC:  4    Str: 10    XL:     3   Next: 50%
Magic:  5/5        EV: 12    Int: 13    God:
Gold:   105        SH:  0    Dex: 18    Spells: 2/2 levels left

rFire   . . .        Y - +0 shortbow
rCold   . . .        (shield currently unavailable)
rNeg    . . .        c - +0 leather armour
rPois   .            (no helmet)
rElec   .            l - +0 cloak
rCorr   .            (no gloves)
SInv    .            (no boots)
Will    .....        (no amulet)
Stlth   +            (no ring)
HPRegen 0.23/turn    (no ring)
MPRegen 0.09/turn

%: no passive effects
@: confused
A: no striking features
a: no special abilities


You were on level 2 of the Dungeon.
You visited 1 branch of the dungeon, and saw 2 of its levels.

You collected 105 gold pieces.


   Skills:
 - Level 1.5 Fighting
 + Level 7.0 Ranged Weapons
 - Level 2.4 Dodging
 - Level 1.2 Stealth


You had 2 spell levels left.
You didn't know any spells.
Your spell library was empty.

Inventory:

Hand Weapons
 Y - a +0 shortbow (weapon)
Armour
 c - a +0 leather armour (worn)
 l - a +0 cloak (worn)
Jewellery
 i - a ring of fire
Scrolls
 a - 2 scrolls of teleportation
 b - a scroll of noise
 h - 2 scrolls of identify
 m - a scroll of amnesia {unknown}
 n - a scroll of fog {unknown}
Potions
 d - a potion of mutation {unknown}
 e - a potion of berserk rage {unknown}
 f - a potion of lignification {unknown}
 g - a potion of invisibility {unknown}
 j - a potion of might {unknown}
 k - a potion of curing {unknown}

Dungeon Overview and Level Annotations

Branches:
Dungeon (2/15)

Altars:

Shops:
D:1 (

Annotations:
D:2 Sigmund


Message History

Sigmund is heavily wounded.
You shoot an arrow. The arrow closely misses Sigmund.
Sigmund casts a spell at you. The puff of flame hits you.
Sigmund barely misses you.
You shoot an arrow. The arrow hits Sigmund.
Sigmund is severely wounded.
You shoot an arrow. The arrow hits Sigmund.
Sigmund is almost dead.
Sigmund misses you.
You shoot an arrow. The arrow barely misses Sigmund.
Sigmund hits you from afar with a +0 scythe.
Enter note:
Enter note:
Enter note:
Enter note:
Enter note:
Enter note:
1179 ||| READING 2 scrolls labelled KOAT DEOM JUILIRO.
As you read the scroll labelled KOAT DEOM JUILIRO, it crumbles to dust.
You hear a loud clanging noise!
It was a scroll of noise.
Enter note:
Enter note:
Enter note:
Enter note: Sigmund casts a spell at you.
You are confused.
Sigmund gestures at you while chanting. The puff of flame hits you!
Sigmund points at you and mumbles some strange words.
You are more confused.
Sigmund hits you from afar with a +0 scythe.
Sigmund misses you.
Sigmund gestures wildly while chanting.
Sigmund flickers and vanishes!
Deactivating autopickup; reactivate with Ctrl-A.
Autopickup is now on.
Something hits you!
Ouch! That really hurt!
You die...

....# ##.# ...)#
#.# ##### #.# #.#
#.# #.# . #.#
#######.....#####.#
.(............{.@.#
###################
# # # #
############
.%.........#
##########.#


There were no monsters in sight!

Vanquished Creatures
  An adder (D:2)
  7 ball pythons
  An endoplasm (D:1)
  2 giant cockroaches
  5 goblins
  3 hobgoblins
  2 jackals (D:2)
  2 quokkas
  4 bats
  A frilled lizard (D:1)
  6 kobolds
  A rat (D:2)
35 creatures vanquished.

Notes
Turn   | Place    | Note
-------+----------+-------------------------------------------
     0 | D:1      | qw the Deep Elf Hunter began the quest for the Orb.
     0 | D:1      | Reached XP level 1. HP: 12/12 MP: 3/3
     0 | D:1      | 0 ||| qw: Version: 0.3-a-9-g12657ce
     0 | D:1      | 0 ||| qw: Game counter: 1834
     0 | D:1      | 0 ||| qw: Always use a shield: true
     0 | D:1      | 0 ||| qw: God list: Okawaru
     0 | D:1      | 0 ||| qw: Allow faded altars: false
     0 | D:1      | 0 ||| qw: Do Orc after D:15 true
     0 | D:1      | 0 ||| qw: Do second Lair branch before Depths: true
     0 | D:1      | 0 ||| qw: Lair rune preference: random
     0 | D:1      | 0 ||| qw: Plans: Normal
     0 | D:1      | 0 ||| PLANNING D:1-11
    78 | D:1      | Found Goxzec's Weapon Boutique.
   148 | D:1      | HP: 2/12 [ball python (2)]
   149 | D:1      | Reached XP level 2. HP: 2/16 MP: 4/4
   151 | D:1      | Reached skill level 6 in Ranged Weapons
   790 | D:1      | Found a faded altar of an unknown god.
   792 | D:1      | 792 ||| UPGRADING to +0 cloak.
   797 | D:1      | 797 ||| READING scroll labelled NOCOWKUTZU.
   800 | D:1      | 800 ||| READING 2 scrolls labelled PYECOL IDOI.
   801 | D:1      | 801 ||| DROPPING scroll of butterflies.
   933 | D:2      | Reached XP level 3. HP: 20/20 MP: 5/5
  1067 | D:2      | Reached skill level 7 in Ranged Weapons
  1168 | D:2      | Noticed Sigmund
  1179 | D:2      | 1179 ||| READING 2 scrolls labelled KOAT DEOM JUILIRO.
  1181 | D:2      | HP: 3/20 [Sigmund/puff of flame (8)]
  1188 | D:2      | Mangled by Sigmund

Levels and vault maps discovered:
D:1:      minmay_arrival_four_houses, layout_loops_ring,
          shapermc_ecumenical_altar_hornbeckon, serial_shops,
          nicolae_shop_waterfront
D:2:      layout_basic, uniq_sigmund

Skill      XL: |  1  2  3 |
---------------+----------+-----
Ranged Weapons | 6 7 |  7.0
Fighting       | |  1.5
Dodging        | |  2.4
Stealth        | |  1.2

Action                     || total
---------------------------++-------
   Fire: Shortbow          ||   109
    Use: Scroll            ||     3
 Armour: Leather armour    ||     9
  Dodge: Dodged            ||    40

Table legend:
 A = Non-vault XP
 B = Vault XP
 C = Vault XP percentage of total XP
 D = Non-vault monster count
 E = Vault monster count
 F = Vault count percentage of total count
                 A         B        C        D         E       F
            +---------+---------+-------+---------+---------+-------
      Total |      69 |       0 |   0.0 |      35 |       0 |   0.0
            +---------+---------+-------+---------+---------+-------
        D:1 |      31 |       0 |   0.0 |      19 |       0 |   0.0
        D:2 |      38 |       0 |   0.0 |      16 |       0 |   0.0
            +---------+---------+-------+---------+---------+-------
